 Dungeon Crawl Stone Soup version 0.16-a0-51-g3cd7026 (webtiles) character file.

1323 MRaven the Slasher (level 8, 0/64 HPs)
             Began as a Demonspawn Chaos Knight on Aug 6, 2014.
             Was a Plaything of Xom.
             Slain by a wolf (4 damage)
             ... on Level 7 of the Dungeon.
             The game lasted 00:25:50 (6460 turns).

MRaven the Slasher (Demonspawn Chaos Knight)        Turns: 6460, Time: 00:25:50

HP   0/64        AC  6     Str 13      XL: 8   Next: 33%
MP   8/8         EV 15     Int 15      God: Xom
Gold 401         SH  0     Dex 13      Spells:  0 memorised,  7 levels left

rFire  . . .     SeeInvis .     l - +1 falchion (chaos)
rCold  + . .     Clarity  .     b - +3 leather armour
rNeg   + . .     rCorr    .     (no shield)
rPois  .         rRot     .     (helmet restricted)
rElec  .         Spirit   .     (no cloak)
SustAb .         Warding  .     (no gloves)
rMut   .         Stasis   .     (no boots)
Gourm  .                        (no amulet)
MR     .....                    k - ring of protection from cold
                                d - ring of positive energy

@: death channel, very slightly contaminated, hasted, very quick, not resistant
to hostile enchantments, unstealthy
A: horns 1, repulsion field 1, nightstalker 1, powered by death 1
a: Renounce Religion


You were on level 7 of the Dungeon.
You worshipped Xom.
You were a plaything of Xom.
You were not hungry.

You visited 1 branch of the dungeon, and saw 7 of its levels.

You collected 401 gold pieces.

Inventory:

Hand weapons
 l - a +1 falchion of chaos (weapon)
Armour
 b - a +3 leather armour (worn)
 m - a +0 leather armour of cold resistance
Magical devices
 D - a wand of fire (2)
Comestibles
 c - 6 bread rations
 p - a rotting chunk of giant frog flesh
 t - 3 meat rations
 B - a royal jelly
Scrolls
 a - a scroll of enchant weapon
 h - 2 scrolls of recharging
 i - 5 scrolls of teleportation
 j - 2 scrolls of remove curse
 r - 2 scrolls of fear
 s - a scroll of magic mapping
 u - a scroll of immolation {unknown}
Jewellery
 d - a ring of positive energy (left hand)
 k - a ring of protection from cold (right hand)
Potions
 e - 2 potions of agility
 f - 2 potions of porridge
 n - a potion of might
 o - a potion of berserk rage
 q - 2 potions of resistance
 w - a potion of haste
 z - 2 potions of restore abilities


   Skills:
 + Level 5.9 Fighting
 * Level 7.0 Long Blades
 - Level 1.7 Armour
 + Level 4.6 Dodging


You had 7 spell levels left.
You didn't know any spells.

Dungeon Overview and Level Annotations

Branches:
Dungeon (7/15)             Temple (0/1) D:6

Altars:
Cheibriados
Qazlal
Vehumet
Xom


Innate Abilities, Weirdness & Mutations

You have a pair of small horns on your head.
You are surrounded by a mild repulsion field (EV +2).
You are slightly more attuned to the shadows.
You can steal the life force of nearby defeated enemies.


Message History

Malign forces permeate your being, awaiting release.
The wolf barely misses your butterfly.
The hill giant zombie hits your butterfly!!
Your butterfly dies!
You continue eating.
The wolf bites you.
* * * LOW HITPOINT WARNING * * *
The wolf closely misses you.
You continue eating.
The wolf bites you.
* * * LOW HITPOINT WARNING * * *
The hill giant zombie barely misses your butterfly.
Drink which item? (? for menu, Esc to quit)
You feel yourself speed up. The wolf misses you. The wolf closely misses you.
The hill giant zombie closely misses your butterfly.
You are very lightly contaminated with residual magic.
You smell something rotten. (slot p)
The wolf bites you.
You die...
Xom howls with laughter!

##..## ##..## #
##..### ###..##
#....#####...##
#....<.......#
##
##..##########
#. ####..##
###. #.....##
##...
#..###...#
##...# # ##.@##
#...## ##.h##
##..# ##bb##
#..# ##..##
#.)# ##.b##
#..# ##..##
#..# ##..##
##.## ###Z##
#...#
#..####..#.


You could see a wolf.

Vanquished Creatures
  Eustachio (D:5)
  A sky beast (D:7)
  An orc warrior (D:6)
  2 centaurs
  An ogre (D:5)
  A giant frog (D:7)
  4 wights (D:6)
  A goliath beetle (D:6)
  4 crimson imps
  2 hounds
  An orc priest (D:5)
  A jelly (D:5)
  A gnoll shaman (D:6)
  4 orc wizards
  2 worker ants
  5 adders
  7 gnolls
  A shadow imp (D:5)
  A white imp (D:4)
  3 giant mites
  2 worms (D:2)
  4 giant geckos
  An ooze (D:2)
  13 orcs
  A bat skeleton (D:5)
  8 giant cockroaches
  13 hobgoblins
  6 jackals (D:4)
  13 bats
  5 giant newts
  14 goblins
  12 kobolds
  A kobold skeleton (D:7)
  5 quokkas
  11 rats
153 creatures vanquished.

Vanquished Creatures (collateral kills)
  An iguana skeleton (D:4)
  2 jackals (D:4)
3 creatures vanquished.

Vanquished Creatures (others)
  A hobgoblin zombie (D:4)
  A butterfly (D:7)
2 creatures vanquished.

Grand Total: 158 creatures vanquished

Notes
Turn   | Place    | Note
--------------------------------------------------------------
     0 | D:1      | MRaven, the Demonspawn Chaos Knight, began the quest for the Orb.
     0 | D:1      | Reached XP level 1. HP: 18/18 MP: 1/1
    30 | D:1      | XOM: harmless Necr miscast
    32 | D:1      | Reached skill level 1 in Dodging
   318 | D:1      | Gained mutation: You are surrounded by a mild repulsion field (EV +2). [demonic ancestry]
   318 | D:1      | Reached XP level 2. HP: 24/24 MP: 2/2
   559 | D:1      | XOM: harmless Ice miscast
   707 | D:1      | XOM: confusion (+ monsters)
   884 | D:1      | XOM: mild Trmt miscast
  1162 | D:1      | Gained mutation: You can steal the life force of nearby defeated enemies. [demonic ancestry]
  1162 | D:1      | Reached XP level 3. HP: 13/29 MP: 3/3
  1239 | D:1      | XOM: colour smoke trail
  1251 | D:1      | XOM: harmless Pois miscast
  1288 | D:2      | Found a radiant altar of Vehumet.
  1494 | D:2      | XOM: colour smoke trail
  1511 | D:2      | Gained mutation: You have a pair of small horns on your head. [demonic ancestry]
  1511 | D:2      | Reached XP level 4. HP: 28/35 MP: 4/4
  1772 | D:2      | Reached skill level 4 in Long Blades
  1865 | D:3      | XOM: swap weapons
  2308 | D:3      | XOM: cast spell 'Necromutation'
  2321 | D:3      | Reached XP level 5. HP: 36/42 MP: 5/5
  2593 | D:3      | XOM: 9-stop teleportation journey
  3868 | D:4      | XOM: summons 2 hostile demons
  3967 | D:4      | XOM: harmless Ice miscast
  4056 | D:4      | XOM: torment (25/42 hp)
  4232 | D:5      | Entered Level 5 of the Dungeon
  4240 | D:5      | Gained mutation: You are slightly more attuned to the shadows. [demonic ancestry]
  4240 | D:5      | Reached XP level 6. HP: 34/48 MP: 6/6
  4465 | D:5      | Reached skill level 5 in Long Blades
  4501 | D:5      | Noticed Eustachio
  4504 | D:5      | Noticed a centaur
  4507 | D:5      | Killed Eustachio
  4507 | D:5      | Reached XP level 7. HP: 52/55 MP: 7/7
  4508 | D:5      | XOM: harmless Erth miscast
  4514 | D:5      | Killed a centaur
  4591 | D:5      | Noticed an ogre
  4599 | D:5      | Killed an ogre
  4599 | D:5      | Reached skill level 5 in Fighting
  4808 | D:5      | XOM: mild Hex miscast
  4933 | D:5      | XOM: colour smoke trail
  5072 | D:5      | Reached skill level 6 in Long Blades
  5090 | D:5      | XOM: draining
  5242 | D:6      | Found a staircase to the Ecumenical Temple.
  5384 | D:6      | XOM: summons 4 hostile shadow creatures
  5678 | D:6      | Found a snail-covered altar of Cheibriados.
  5683 | D:6      | Found a stormy altar of Qazlal.
  5687 | D:6      | Found a shimmering altar of Xom.
  5800 | D:6      | Reached XP level 8. HP: 63/63 MP: 8/8
  5843 | D:6      | XOM: chaos upgrade
  6253 | D:7      | XOM: harmless Hex miscast
  6295 | D:7      | XOM: noise
  6296 | D:7      | XOM: enchant monster (good)
  6311 | D:7      | Reached skill level 7 in Long Blades
  6437 | D:7      | XOM: summons friendly crimson imp
  6445 | D:7      | XOM: polymorph orc warrior -> wolf
  6448 | D:7      | XOM: cast spell 'Summon Butterflies'
  6451 | D:7      | XOM: cast spell 'Death Channel'
  6452 | D:7      | HP: 3/64 [wolf (4)]
  6460 | D:7      | Slain by a wolf

Action                   |  1- 3 |  4- 6 |  7- 9 || total
-------------------------+-------+-------+-------++-------
Melee: Falchion          |   116 |   220 |   187 ||   523
       Flail             |       |    23 |       ||    23
Evoke: Wand              |       |       |     5 ||     5
  Use: Scroll            |     3 |    11 |     4 ||    18
       Potion            |     1 |     1 |     4 ||     6
 Stab: Paralysed         |     1 |       |     8 ||     9
       Sleeping          |     1 |     1 |     1 ||     3
  Eat: Chunk             |     2 |     6 |     5 ||    13
       Fruit             |       |     4 |       ||     4
       Beef jerky        |       |       |     1 ||     1
